 Dungeon Crawl Stone Soup version 0.25.1-2-g60ff931df9 (webtiles) character file.

Game seed: 2080282555967844337

314 Gildeon the Skirmisher (level 6, -2/48 HPs)
             Began as a Formicid Fighter on Nov 8, 2020.
             Was a Follower of Makhleb.
             Slain by a worker ant (6 damage)
             ... on level 4 of the Dungeon.
             The game lasted 00:06:41 (2579 turns).

Gildeon the Skirmisher (Formicid Fighter)           Turns: 2579, Time: 00:06:42

Health: -2/48      AC: 10    Str: 22    XL:     6   Next: 72%
Magic:  6/6        EV:  6    Int:  8    God:    Makhleb [*.....]
Gold:   172        SH: 10    Dex: 10    Spells: 5/5 levels left

rFire    . . .     SeeInvis +   h - +1 mace (holy)
rCold    . . .     Gourm    .   c - +1 kite shield
rNeg     . . .     Faith    .   n - +0 chain mail
rPois    +         Spirit   .   (helmet unavailable)
rElec    .         Reflect  .   (no cloak)
rCorr    .         Harm     .   r - +0 pair of gloves
MR       .....                  (no boots)
Stlth    ..........             p - amulet of magic regeneration
HPRegen  0.16/turn              o - ring of poison resistance
MPRegen  0.35/turn              (no ring)

@: no status effects
A: permanent stasis, dig shafts and tunnels, four strong arms, antennae 3
a: Dig, Shaft Self, Renounce Religion


You were on level 4 of the Dungeon.
You worshipped Makhleb.
Makhleb was aware of your devotion.
You were not hungry.

You visited 1 branch of the dungeon, and saw 4 of its levels.

You collected 172 gold pieces.

Inventory:

Hand Weapons
 h - a +1 mace of holy wrath (weapon)
Armour
 c - a +1 kite shield (worn)
 n - a +0 chain mail (worn)
 r - a +0 pair of gloves (worn)
Jewellery
 o - a ring of poison resistance (left hand)
 p - an amulet of magic regeneration (around neck)
Scrolls
 e - 2 scrolls of remove curse
 g - a scroll of enchant armour
 i - a scroll of amnesia
 j - a scroll of identify
 l - a scroll of magic mapping
Potions
 a - a potion of resistance {unknown}
 b - 2 potions of lignification {unknown}
 d - 4 potions of might
 k - 3 potions of curing
 m - 3 potions of haste
Comestibles
 f - 8 rations
 q - a chunk of flesh


   Skills:
 + Level 4.3 Fighting
 * Level 4.3 Maces & Flails
   Level 3.1 Polearms
 + Level 4.2 Armour
 - Level 3.6 Shields


You had 5 spell levels left.
You didn't know any spells.
Your spell library was empty.

Dungeon Overview and Level Annotations

Branches:
Dungeon (4/15)
 Temple: D:4-7

Altars:
Elyvilon
Makhleb


Innate Abilities, Weirdness & Mutations

You cannot be hasted, slowed, berserked, paralysed or teleported.
You can dig through walls and to a lower floor.
Your four strong arms can wield two-handed weapons with a shield.
You have a pair of large antennae on your head. (SInv)


Message History

You block the boomerang.
The weapon returns to the orc!
Your shield and chain mail prevent you from hitting the worker ant.
The worker ant barely misses you.
You closely miss the worker ant.
The worker ant bites you but does no damage.
Your shield and chain mail prevent you from hitting the worker ant.
You block the worker ant's attack. The worker ant barely misses you.
You hit the worker ant.
The worker ant is moderately wounded.
The worker ant bites you but does no damage. x2
You closely miss the worker ant.
The worker ant is moderately wounded.
You block the worker ant's attack.
You closely miss the worker ant.
The worker ant is moderately wounded.
You block the worker ant's attack.
You hit the worker ant.
The worker ant is heavily wounded.
The worker ant bites you.
You die...

*,** **,** **,,,,**,,
#.,***,*,***,,,,,**,,
#..,,,♣*♣,,,,,,,,**,,
#..***.♣.***,,,,,,,,,
#.♣* *♣.♣* **,,,,,,,,
#.♣ ♣.♣ *,,,,,,,,
##.♣# #♣.♣# **,,.,,,,,
#...♣♣♣..)♣♣♣....,,,,,
#....@ao..)......,**,,
#....##########..,**,,
#.#### **,,,,,,, #.#
*,<,,,,,, #.#
*,,,,,,,, #.#
*,,,,,,,, #.#########
*,,,,{,,,
#.........####*##+#***
#########....###..####


You could see a worker ant and an orc.

Vanquished Creatures
  3 orc priests (D:4)
  A worker ant (D:4)
  3 gnolls (D:2)
  7 adders
  An ooze (D:4)
  3 worms
  2 dart slugs (D:1)
  5 leopard geckos
  3 orcs (D:4)
  A ball python (D:2)
  A giant cockroach (D:2)
  11 goblins
  11 hobgoblins
  10 jackals
  10 kobolds
  A quokka (D:4)
  6 bats
  7 frilled lizards
  2 rats
88 creatures vanquished.

Notes
Turn   | Place    | Note
-------+----------+-------------------------------------------
     0 | D:1      | Gildeon the Formicid Fighter began the quest for the Orb.
     0 | D:1      | Reached XP level 1. HP: 18/18 MP: 1/1
    22 | D:1      | Reached XP level 2. HP: 7/24 MP: 2/2
   390 | D:1      | Reached XP level 3. HP: 29/29 MP: 3/3
   410 | D:1      | Reached skill level 1 in Maces & Flails
   848 | D:2      | Reached XP level 4. HP: 25/35 MP: 4/4
  1047 | D:2      | Found a burning altar of Makhleb.
  1053 | D:2      | Became a worshipper of Makhleb the Destroyer
  1427 | D:2      | Reached XP level 5. HP: 38/41 MP: 5/5
  1717 | D:3      | Reached * piety under Makhleb
  2175 | D:3      | Found a white marble altar of Elyvilon.
  2181 | D:3      | Reached XP level 6. HP: 46/48 MP: 6/6
  2579 | D:4      | Slain by a worker ant

Illustrated notes

Levels and vault maps discovered:
D:1:      wander_arrival_peaceful_grave, layout_basic
D:2:      layout_loops_ring, marbit_many_paths
D:3:      layout_rooms, first_ration, elyvilon_altar_1
D:4:      layout_gridville, tgw_sif, old_standard_altar, grunt_ministairs_15,
          minmay_stone_trees_medium, uniq_purgy

Skill      XL: |  1  2  3  4  5  6 |
---------------+-------------------+-----
Polearms       | 3 |  3.1
Maces & Flails | 2 3 4 |  4.3
Fighting       | 4 |  4.3
Armour         | 4 |  4.2
Shields        | |  3.6

Action                   |  1- 3 |  4- 6 || total
-------------------------+-------+-------++-------
Melee: Trident           |    50 |       ||    50
       Mace              |    53 |   244 ||   297
  Use: Scroll            |       |     8 ||     8
  Eat: Chunk             |       |     6 ||     6
Armor: Scale mail        |    53 |       ||    53
       Chain mail        |     3 |   136 ||   139
Dodge: Dodged            |    29 |    72 ||   101
Block: Kite shield       |    46 |   172 ||   218
